 Dungeon Crawl Stone Soup version 0.29-a0-337-g68df138881 (webtiles) character file.

Game seed: 6918537501922304542

1368 Jortsu the Shield-Bearer (level 8, -2/67 HPs)
             Began as a Gnoll Fighter on Apr 16, 2022.
             Was a Priest of Lugonu.
             Engulfed by a steam dragon's steam (8 damage)
             ... on level 6 of the Dungeon.
             The game lasted 00:09:37 (6581 turns).

Jortsu the Shield-Bearer (Gnoll Fighter)            Turns: 6581, Time: 00:09:37

Health: -2/67      AC: 13    Str: 24    XL:     8   Next: 65%
Magic:  13/13      EV:  9    Int:  7    God:    Lugonu [***...]
Gold:   298        SH:  5    Dex: 12    Spells: 13/13 levels left

rFire   . . .      SeeInvis .   a - +0 war axe
rCold   . . .      Faith    .   c - +0 buckler
rNeg    . . .      Spirit   .   h - +0 chain mail
rPois   .          Reflect  .   j - +0 helmet
rElec   .          Harm     .   o - +0 cloak
rCorr   +          Rampage  .   q - +1 pair of gloves
Will    .....      Clarity  +   b - +0 pair of boots
Stlth   ..........              (no amulet)
HPRegen 0.21/turn               r - ring of resist corrosion
MPRegen 0.13/turn               s - +6 ring of strength

@: no status effects
A: fangs 1, strong nose, distributed training, clarity, deformed body
a: Renounce Religion, Depart the Abyss, Bend Space, Banish


You were on level 6 of the Dungeon.
You worshipped Lugonu.
Lugonu was most pleased with you.
You visited 1 branch of the dungeon, and saw 6 of its levels.
You also visited: Sewer.

You collected 298 gold pieces.

Inventory:

Hand Weapons
 a - a +0 war axe (weapon)
Missiles
 v - a throwing net (quivered)
Armour
 b - a +0 pair of boots (worn)
 c - a +0 buckler (worn)
 h - a +0 chain mail (worn)
 j - a +0 helmet (worn)
 o - a +0 cloak (worn)
 q - a +1 pair of gloves (worn)
Jewellery
 r - a ring of resist corrosion (left hand)
 s - a +6 ring of strength (right hand)
Wands
 k - a wand of paralysis (2)
 m - a wand of charming (8)
 A - a wand of iceblast (5)
Scrolls
 t - 2 scrolls of summoning
 u - a scroll of blinking
 x - a scroll of enchant armour
 y - a scroll of magic mapping
Potions
 d - 2 potions of might
 f - a potion of haste
 g - 5 potions of curing
 i - 3 potions of attraction
 l - 2 potions of magic
 n - a potion of cancellation {unknown}
 p - 2 potions of ambrosia
 w - a potion of heal wounds {unknown}
 z - 2 potions of lignification {unknown}


   Skills:
 + Level 7.4 Fighting
 + Level 3.4 Short Blades
 + Level 3.4 Long Blades
 + Level 5.8 Axes
 + Level 3.4 Maces & Flails
 + Level 3.4 Polearms
 + Level 3.4 Staves
 + Level 3.4 Slings
 + Level 3.4 Bows
 + Level 3.4 Crossbows
 + Level 3.4 Throwing
 + Level 7.4 Armour
 + Level 3.4 Dodging
 + Level 3.4 Stealth
 + Level 7.4 Shields
 + Level 3.4 Unarmed Combat
 + Level 3.4 Spellcasting
 + Level 2.8 Conjurations
 + Level 2.8 Hexes
 + Level 2.8 Summonings
 + Level 2.8 Necromancy
 + Level 2.8 Translocations
 + Level 2.8 Transmutations
 + Level 2.8 Fire Magic
 + Level 2.8 Ice Magic
 + Level 2.8 Air Magic
 + Level 2.8 Earth Magic
 + Level 2.8 Poison Magic
 + Level 3.8 Invocations
 + Level 3.4 Evocations


You had 13 spell levels left.
You didn't know any spells.
Your spell library contained the following spells:

 Spells                   Type           Power      Damage    Failure   Level
 Freeze                   Ice            20%        1d4       61%         1
 Sting                    Tmut/Pois      20%        1d4       61%         1
 Poisonous Vapours        Pois/Air       10%        N/A       75%         2
 Frozen Ramparts          Ice            10%        1d3       93%         3
 Hailstorm                Conj/Ice       5%         3d4       100%        4
 Olgreb's Toxic Radiance  Pois           5%         N/A       100%        4


Dungeon Overview and Level Annotations

Branches:
Dungeon (6/15)             Temple (0/1) D:5           Sewer (visited)

Altars:
The Shining One
Lugonu

Annotations:
D:5 2 runed translucent doors, Sekuso's ghost, novice FoAK


Innate Abilities, Weirdness & Mutations

You have very sharp teeth.
Your uncanny sense of smell can sniff out nearby items.
Your experience applies equally to all skills.
You possess an exceptional clarity of mind.
Armour fits poorly on your strangely shaped body.


Message History

The steam dragon is moderately wounded.
You are engulfed in a cloud of scalding steam.
The steam dragon barely misses you. The steam dragon claws you.
You barely miss the steam dragon.
The steam dragon is moderately wounded.
You are engulfed in a cloud of scalding steam.
The steam dragon bites you but does no damage.
The steam dragon misses you.
You hit the steam dragon.
The steam dragon is heavily wounded.
You are engulfed in a cloud of scalding steam.
The steam dragon bites you but does no damage.
You block the steam dragon's attack. The steam dragon closely misses you.
The steam dragon claws you but does no damage.
You closely miss the steam dragon.
The steam dragon is heavily wounded.
The steam dragon breathes steam at you. The ball of steam hits you!!
* * * LOW HITPOINT WARNING * * *
You barely miss the steam dragon.
The steam dragon is heavily wounded.
You hit the water moccasin.
You are engulfed in a cloud of scalding steam.
The water moccasin barely misses you.
The steam dragon bites you but does no damage.
The steam dragon claws you but does no damage.
The water moccasin closely misses you.
You hit the steam dragon but do no damage.
The steam dragon is heavily wounded.
You hit the water moccasin.
You are engulfed in a cloud of scalding steam.
The water moccasin closely misses you.
The steam dragon bites you but does no damage.
The steam dragon barely misses you.
The water moccasin bites you but does no damage.
You closely miss the steam dragon.
The steam dragon is heavily wounded.
You closely miss the water moccasin.
You are engulfed in a cloud of scalding steam.
You die...

#######
#.....#
#.....#
#.....#
#.....#
#§..S.##...
#§.@D......
#...§.#....
#.....# #
#.....#
###.### #.#
#:# #..


You could see a steam dragon (catching breath) and a water moccasin.

Vanquished Creatures
  An acid dragon (D:5)
  A sky beast (D:5)
  3 black bears
  2 ogres (D:5)
  A centaur (D:4)
  A phantom (D:5)
  2 bullfrogs (Sewer)
  A jelly (D:5)
  An orc priest (D:4)
  5 orc wizards
  Natasha (thrice) (D:4)
  Robin (D:2)
  4 gnolls (D:2)
  4 adders (Sewer)
  A worm (D:4)
  3 dart slugs
  9 orcs
  3 bats
  10 endoplasms
  15 giant cockroaches
  14 goblins
  7 hobgoblins
  4 jackals (D:4)
  4 kobolds
  5 quokkas (Sewer)
  3 ball pythons
  9 frilled lizards
  11 rats
128 creatures vanquished.

Notes
Turn   | Place    | Note
-------+----------+-------------------------------------------
     0 | D:1      | Jortsu the Gnoll Fighter began the quest for the Orb.
     0 | D:1      | Reached XP level 1. HP: 23/23 MP: 1/1
   226 | D:1      | Reached XP level 2. HP: 29/29 MP: 2/2
   806 | D:2      | Reached XP level 3. HP: 35/35 MP: 3/3
   829 | D:2      | Noticed Robin
   863 | D:2      | Reached skill level 1 in Invocations
   865 | D:2      | Killed Robin
  1099 | D:2      | Found a faded altar of an unknown god.
  1106 | D:2      | Prayed at the altar of an unknown god.
  1106 | D:2      | Became a worshipper of Lugonu the Unformed
  1106 | D:2      | Reached * piety under Lugonu
  1106 | D:2      | Reached ** piety under Lugonu
  1169 | D:2      | Reached skill level 1 in Short Blades
  1169 | D:2      | Reached skill level 1 in Long Blades
  1169 | D:2      | Reached skill level 1 in Maces & Flails
  1169 | D:2      | Reached skill level 1 in Polearms
  1169 | D:2      | Reached skill level 1 in Staves
  1169 | D:2      | Reached skill level 1 in Slings
  1169 | D:2      | Reached skill level 1 in Bows
  1169 | D:2      | Reached skill level 1 in Crossbows
  1169 | D:2      | Reached skill level 1 in Throwing
  1169 | D:2      | Reached skill level 1 in Dodging
  1169 | D:2      | Reached skill level 1 in Stealth
  1169 | D:2      | Reached skill level 1 in Unarmed Combat
  1169 | D:2      | Reached skill level 1 in Spellcasting
  1169 | D:2      | Reached skill level 1 in Evocations
  1244 | D:2      | Reached XP level 4. HP: 2/41 MP: 5/5
  1467 | D:3      | Reached skill level 1 in Conjurations
  1467 | D:3      | Reached skill level 1 in Hexes
  1467 | D:3      | Reached skill level 1 in Summonings
  1467 | D:3      | Reached skill level 1 in Necromancy
  1467 | D:3      | Reached skill level 1 in Translocations
  1467 | D:3      | Reached skill level 1 in Transmutations
  1467 | D:3      | Reached skill level 1 in Fire Magic
  1467 | D:3      | Reached skill level 1 in Ice Magic
  1467 | D:3      | Reached skill level 1 in Air Magic
  1467 | D:3      | Reached skill level 1 in Earth Magic
  1467 | D:3      | Reached skill level 1 in Poison Magic
  1578 | D:3      | Found a glowing drain.
  1646 | Sewer    | Entered a sewer
  1751 | Sewer    | Reached XP level 5. HP: 45/47 MP: 6/6
  1868 | Sewer    | Reached *** piety under Lugonu
  1990 | Sewer    | Reached XP level 6. HP: 25/53 MP: 8/8
  1994 | Sewer    | Reached skill level 5 in Axes
  2517 | D:3      | Gained mutation: You are frail. (-10% HP) [potion of
                  | mutation]
  2517 | D:3      | Gained mutation: Armour fits poorly on your strangely
                  | shaped body. [potion of mutation]
  2518 | D:3      | Lost mutation: You are frail. (-10% HP) [potion of
                  | mutation]
  2518 | D:3      | Lost mutation: Armour fits poorly on your strangely shaped
                  | body. [potion of mutation]
  2518 | D:3      | Gained mutation: Armour fits poorly on your strangely
                  | shaped body. [potion of mutation]
  2518 | D:3      | Gained mutation: You possess an exceptional clarity of
                  | mind. [potion of mutation]
  4080 | D:4      | Reached XP level 7. HP: 54/59 MP: 10/10
  4485 | D:4      | Noticed Natasha
  4492 | D:4      | Killed Natasha
  4652 | D:4      | Noticed Natasha
  4665 | D:4      | Killed Natasha
  4689 | D:4      | Noticed Natasha
  4698 | D:4      | Killed Natasha
  4720 | D:5      | Entered Level 5 of the Dungeon
  4986 | D:5      | Found a glowing golden altar of the Shining One.
  5280 | D:5      | Reached XP level 8. HP: 64/67 MP: 12/12
  5359 | D:5      | Found a large runed translucent door.
  6306 | D:5      | Found a staircase to the Ecumenical Temple.
  6345 | D:5      | Found a large runed translucent door.
  6347 | D:5      | Noticed Sekuso's ghost (novice FoAK)
  6581 | D:6      | Engulfed by a steam dragon's steam

Illustrated notes

Levels and vault maps discovered:
D:1:      dpeg_arrival_solitude, layout_basic
D:2:      layout_basic, dreamdust_ecumenical_altar_hidden_monk_grotto,
          feat_on_display, uniq_robin
D:3:      layout_basic, portal_sewer_entry_a, guppyfry_early_orc_mine
D:4:      layout_cave_pools, serial_column_ruins, column_ruins_hut,
          column_ruins_hut, column_ruins_open_tiny,
          column_ruins_corridor_corner, column_ruins_grid_3,
          column_ruins_columns_T, column_ruins_open_medium, column_ruins_grid_1,
          uniq_natasha
D:5:      layout_layer_cave, mainiacjoe_overflow_boulevard,
          minmay_temple_entry_junction, ebering_ghost_disaster_area
D:6:      layout_rooms, kennysheep_pointless_box, minmay_misc_feat_rugged,
          nicolae_stop_n_shop_2, minmay_misc_feat_encased

Skill      XL: |  1  2  3  4  5  6  7  8 |
---------------+-------------------------+-----
Invocations    | 1 2 3 |  3.8
Short Blades   | 1 2 3 |  3.4
Long Blades    | 1 2 3 |  3.4
Maces & Flails | 1 2 3 |  3.4
Polearms       | 1 2 3 |  3.4
Staves         | 1 2 3 |  3.4
Slings         | 1 2 3 |  3.4
Bows           | 1 2 3 |  3.4
Crossbows      | 1 2 3 |  3.4
Throwing       | 1 2 3 |  3.4
Dodging        | 1 2 3 |  3.4
Stealth        | 1 2 3 |  3.4
Unarmed Combat | 1 2 3 |  3.4
Spellcasting   | 1 2 3 |  3.4
Evocations     | 1 2 3 |  3.4
Conjurations   | 1 2 |  2.8
Hexes          | 1 2 |  2.8
Summonings     | 1 2 |  2.8
Necromancy     | 1 2 |  2.8
Translocations | 1 2 |  2.8
Transmutations | 1 2 |  2.8
Fire Magic     | 1 2 |  2.8
Ice Magic      | 1 2 |  2.8
Air Magic      | 1 2 |  2.8
Earth Magic    | 1 2 |  2.8
Poison Magic   | 1 2 |  2.8
Axes           | 5 |  5.8
Fighting       | 7 |  7.4
Armour         | 7 |  7.4
Shields        | 7 |  7.4

Action                   |  1- 3 |  4- 6 |  7- 9 || total
-------------------------+-------+-------+-------++-------
Melee: War axe           |    72 |   254 |   130 ||   456
       Bite              |     5 |    23 |    16 ||    44
  Use: Scroll            |     1 |    11 |     2 ||    14
       Potion            |       |     3 |       ||     3
Armor: Scale mail        |    35 |   135 |       ||   170
       Chain mail        |       |    63 |   122 ||   185
Dodge: Dodged            |    52 |   115 |    70 ||   237
Block: Buckler           |    12 |    77 |    44 ||   133

Table legend: (Time is in decaauts)
 A = Elapsed time spent in this place.
 B = Non-inter-level travel time spent in this place.
 C = Inter-level travel time spent in this place.
 D = Time resting spent in this place.
 E = Time spent auto-exploring this place.
 F = Levels seen in this place.
 G = Mean time per level.
                   A        B        C        D        E       F      G
               +--------+--------+--------+--------+--------+-----+--------+
         Total |   6855 |   6580 |    275 |   1324 |   3621 |   7 |  979.3 |
       Dungeon |   5852 |   5577 |    275 |   1324 |   2997 |   6 |  975.3 |
         Sewer |   1003 |   1003 |      0 |      0 |    624 |   1 | 1003.0 |
               +--------+--------+--------+--------+--------+-----+--------+

Top non-repeatable levels by time:
     D:5: 1427 daAuts
     D:2: 1290 daAuts
     D:3: 1196 daAuts
     D:4: 1188 daAuts
   Sewer: 1003 daAuts
     D:1: 736 daAuts
     D:6: 12 daAuts
